AoeStats
← garbagekingduki

Arabian Desert

510249613Analyzed
1v1 RM · 17h ago on Sep 30, 2026· 35m 22s· 2 players
Game mode
Random Map
Map size
Tiny (2 player)
Population
200
Speed
Normal
Resources
Standard
Victory
Conquest
Starting age
Dark Age
Ending age
Imperial Age
RankedLock teamsTeams togetherTeam positionsShared explorationLock speedFull tech treeHidden civsTurbo modeCheats
Victory
Defeat
🇺🇸 Ethiopians · United States
1064
+14
🇺🇸 Celts · United States
1029
-14
garbagekingduki
10:40 Feudal Age
9:27 Loom
10:41 Man-at-Arms
11:09 Arson
16:57 Horse Collar
22:58 Castle Age
26:56 Wheelbarrow
29:16 Double-Bit Axe
29:53 Gambesons
30:19 Long Swordsman
34:07 Town Watch
FTG | Bald Eagle
6:48 Loom
9:53 Feudal Age
9:57 Man-at-Arms
16:08 Fletching
17:40 Padded Archer Armor
17:43 Double-Bit Axe
20:46 Horse Collar
24:10 Castle Age
24:13 Crossbowman
24:51 Bodkin Arrow
25:07 Thumb Ring
25:39 Bow Saw
29:49 Ballistics
29:56 Leather Archer Armor
31:19 Gold Mining
31:40 Heavy Plow
33:02 Gold Shaft Mining
33:25 Forging
33:21 Scale Barding Armor
34:45 Iron Casting
Connection lost

Rejoining the realm…

Still unreachable

The connection could not be restored.

Session expired

The server has moved on; the page needs a fresh start.